 Dungeon Crawl Stone Soup version 0.21.1-1-g345015fe64 (webtiles) character file.

1198 SomePerson the Poker (level 8, -43/68 (69) HPs)
             Began as a Minotaur Chaos Knight on May 14, 2018.
             Blown up by a cacodemon (44 damage)
             ... with a bolt of energy
             ... on level 1 of the Abyss.
             The game lasted 00:25:09 (4844 turns).

SomePerson the Poker (Minotaur Chaos Knight)        Turns: 4844, Time: 00:25:09

HP:   -43/68 (69)   AC:  9    Str: 19 (20) XL:     8   Next: 20%
MP:   8/8           EV:  6    Int:  9      God:    Xom [....*.]
Gold: 459           SH:  0    Dex:  6 (9)  Spells: 3/8 levels left

rFire    + . .     SeeInvis .   e - +4 spear (freeze)
rCold    x . .     Gourm    .   (no shield)
rNeg     . . .     Faith    .   y - +0 plate armour (curse)
rPois    .         Spirit   .   h - +2 hat
rElec    .         Reflect  .   (no cloak)
rCorr    .         Harm     +   (no gloves)
MR       .....                  (no boots)
Stlth    ..........             v - amulet of harm
HPRegen  0.21/turn              g - ring of fire
MPRegen  0.11/turn              r - +1 ring of slaying

@: no status effects
A: retaliatory headbutt, horns 2, deformed body
a: Renounce Religion


You were on level 1 of the Abyss.
You worshipped Xom.
You were a beloved toy of Xom.
You were not hungry.

You visited 1 branch of the dungeon, and saw 5 of its levels.
You visited the Abyss 1 time.

You collected 459 gold pieces.

Inventory:

Hand Weapons
 a - a +0 hand axe of chaos
 e - a +4 spear of freezing (weapon)
Armour
 h - a +2 hat (worn)
 o - a +0 ring mail
 u - a +0 leather armour
 w - the +2 buckler of Salvation {rElec rN+ Str-4 Int+8}
   (You found it on level 1 of the Abyss)

   It affects your strength (-4).
   It affects your intelligence (+8).
   It insulates you from electricity.
   It protects you from negative energy.
 y - a cursed +0 plate armour (worn)
Jewellery
 f - an uncursed ring of protection from cold {unknown}
 g - a ring of fire (left hand)
 p - an uncursed ring of positive energy
 r - a +1 ring of slaying (right hand)
 v - an amulet of harm (around neck)
Wands
 m - a wand of flame (25)
Scrolls
 b - a scroll of blinking
 j - 6 scrolls of identify
 k - a scroll of remove curse
 l - a scroll of teleportation
 n - a scroll of amnesia
Potions
 d - 3 potions of curing
 i - 3 potions of haste
 q - a potion of might
 t - 3 potions of ambrosia
Books
 s - a book of Callings

   Spells                             Type                      Level
   a - Summon Small Mammal            Summoning                    1
   b - Call Imp                       Summoning                    2
   c - Call Canine Familiar           Summoning                    3
   d - Summon Guardian Golem          Hexes/Summoning              3
   e - Summon Lightning Spire         Summoning/Air                4
   f - Summon Ice Beast               Ice/Summoning                4
 x - a book of the Sky

   Spells                             Type                      Level
   a - Summon Lightning Spire         Summoning/Air                4
   b - Silence                        Hexes/Air                    5
   c - Deflect Missiles               Charms/Air                   6
   d - Conjure Ball Lightning         Conjuration/Air              6
   e - Tornado                        Air                          9
Comestibles
 c - 17 rations


   Skills:
 + Level 5.5 Fighting
 + Level 5.0(6.5) Axes
 + Level 6.5(7.4) Polearms
 + Level 5.7 Armour
 + Level 3.9 Dodging
 + Level 1.2 Stealth
 + Level 0.9 Spellcasting
 + Level 1.0 Summonings
 + Level 0.6 Evocations


You had 3 spell levels left.
You knew the following spells:

 Your Spells              Type           Power        Failure   Level  Hunger
a - Summon Small Mammal   Summ           #...         100%        1    ##.....
b - Summon Lightning Spi  Summ/Air       #.......     100%        4    #####..


Dungeon Overview and Level Annotations

Branches:
Dungeon (5/15)
 Temple: D:4-7

Altars:
Cheibriados
Fedhas
Uskayaw
Wu Jian
Yredelemnul
Zin


Innate Abilities, Weirdness & Mutations

You reflexively headbutt those who attack you in melee.
You have a pair of horns on your head.
Armour fits poorly on your strangely shaped body.


Message History

The cacodemon is lightly wounded.
Your plate armour prevents you from hitting the cacodemon.
The cacodemon is lightly wounded.
The cacodemon hits you!
The cacodemon hits you but does no damage.
You hit the cacodemon but do no damage. Your headbutt misses the cacodemon.
The cacodemon is lightly wounded.
The cacodemon hits you but does no damage.
The cacodemon hits you!
* * * LOW HITPOINT WARNING * * *
You hit the cacodemon but do no damage. The cacodemon hits you!
* * * LOW HITPOINT WARNING * * *
The cacodemon barely misses you.
You hit the cacodemon but do no damage.
Your plate armour prevents you from hitting the cacodemon.
The cacodemon gestures at you. The bolt of energy hits you!
Ouch! That really hurt!
You die...
Xom cackles wildly!

## .. ## . ##
## # # ##.
##.#. .# ##.#.#
# #.#.#.# . .#
## # #.#@.# ..
.##.######..#2#
..... ..#
.#..###.. .
..###
#..#.#_..#.#.#
#.. ..#
.#.##.#..## .#
#.#
##..#..##.#...#
# . ##### .# #
##.. . . ..# #.
.. #.#.. ## #.
.


You could see a cacodemon.

Vanquished Creatures
  A fire bat (Abyss:1)
  An ice beast (D:5)
  A necrophage (D:5)
  A phantom (D:4)
  A centaur (D:5)
  An ogre (D:4)
  A small abomination (Abyss:1)
  2 electric eels (D:3)
  2 hounds (D:5)
  2 worker ants (D:4)
  An orc wizard (D:4)
  Robin (D:3)
  A howler monkey zombie (D:5)
  15 gnolls (D:5)
  6 adders
  A river rat (D:3)
  An adder skeleton (D:4)
  A worm (D:4)
  4 dart slugs
  2 leopard geckos
  10 orcs
  4 bats
  3 giant cockroaches
  11 goblins
  11 hobgoblins
  5 jackals (D:5)
  6 kobolds
  3 quokkas
  A ball python (D:1)
  8 frilled lizards
  A giant cockroach zombie (D:5)
  14 rats
123 creatures vanquished.

Vanquished Creatures (collateral kills)
  A gnoll (D:5)
1 creature vanquished.

Vanquished Creatures (others)
  A hound (D:5)
  A hobgoblin (D:3)
  A fire vortex (D:2)
3 creatures vanquished.

Grand Total: 127 creatures vanquished

Notes
Turn   | Place    | Note
-------+----------+-------------------------------------------
     0 | D:1      | SomePerson the Minotaur Chaos Knight began the quest for the Orb.
     0 | D:1      | Reached XP level 1. HP: 19/19 MP: 0/0
   135 | D:1      | XOM: silly message
   136 | D:1      | Reached XP level 2. HP: 19/27 MP: 1/1
   575 | D:1      | XOM: mild Tloc miscast
   693 | D:1      | XOM: mild Pois miscast
   752 | D:2      | Reached skill level 1 in Polearms
   816 | D:2      | Reached XP level 3. HP: 33/33 MP: 2/2
   856 | D:2      | XOM: mild Fire miscast
   891 | D:2      | XOM: mild Chrm miscast
  1007 | D:2      | XOM: summons 1 hostile demon
  1387 | D:2      | XOM is BORED!
  1569 | D:2      | XOM: silly message
  1645 | D:2      | XOM: mild Summ miscast
  1667 | D:3      | Reached XP level 4. HP: 39/41 MP: 3/3
  1677 | D:3      | Found a transporter.
  1708 | D:3      | Found a transporter.
  1760 | D:3      | XOM: harmless Hex miscast
  1985 | D:3      | Reached skill level 2 in Polearms
  2117 | D:3      | Reached XP level 5. HP: 36/47 MP: 4/4
  2179 | D:3      | Reached skill level 5 in Axes
  2259 | D:3      | Noticed Robin
  2264 | D:3      | Reached skill level 3 in Polearms
  2273 | D:3      | Killed Robin
  2391 | D:3      | XOM: harmless Necr miscast
  2546 | D:3      | XOM: polymorph hobgoblin -> river rat
  2763 | D:3      | XOM: mild Summ miscast
  2805 | D:4      | Reached XP level 6. HP: 19/53 MP: 5/5
  2906 | D:4      | Reached skill level 4 in Polearms
  2923 | D:4      | Found a hide-covered altar of Uskayaw.
  2923 | D:4      | Found a blossoming altar of Fedhas.
  2923 | D:4      | Found a basalt altar of Yredelemnul.
  2923 | D:4      | Found a snail-covered altar of Cheibriados.
  2923 | D:4      | Found an ornate altar of the Wu Jian Council.
  2924 | D:4      | Found a glowing silver altar of Zin.
  2974 | D:4      | XOM: enchant monster (bad)
  3021 | D:4      | XOM: mild Fire miscast
  3109 | D:4      | XOM: harmless Tmut miscast
  3395 | D:4      | XOM: harmless Conj miscast
  3466 | D:4      | XOM: god gift: 3 rations
  3578 | D:5      | Entered Level 5 of the Dungeon
  3590 | D:5      | XOM: confuse monster(s)
  3591 | D:5      | XOM: cleaving
  3594 | D:5      | Reached XP level 7. HP: 60/60 MP: 6/6
  3594 | D:5      | XOM: divine lightning
  3611 | D:5      | Reached skill level 5 in Fighting
  3611 | D:5      | Reached skill level 5 in Polearms
  3646 | D:5      | Learned a level 1 spell: Summon Small Mammal
  3715 | D:5      | Reached skill level 5 in Armour
  3715 | D:5      | Reached skill level 1 in Stealth
  3805 | D:5      | XOM: mild Fire miscast
  3915 | D:5      | Reached skill level 6 in Polearms
  4254 | D:5      | XOM: confusion (+ monsters)
  4261 | D:5      | XOM: enchant monster (bad)
  4271 | D:5      | XOM: confuse monster(s)
  4301 | D:5      | XOM: polymorph gnoll -> hound
  4355 | D:5      | HP: 2/60 [gnoll/halberd (7)]
  4360 | D:5      | Reached XP level 8. HP: 3/67 MP: 0/7
  4722 | D:5      | Cast into level 1 of the Abyss (gnoll sergeant)
  4728 | Abyss:1  | Got a brightly glowing buckler
  4734 | Abyss:1  | Identified the +2 buckler of Salvation {rElec rN+ Str-4 Int+8} (You found it on level 1 of the Abyss)
  4753 | Abyss:1  | Learned a level 4 spell: Summon Lightning Spire
  4795 | Abyss:1  | XOM: enchant monster (bad)
  4797 | Abyss:1  | Reached skill level 1 in Summonings
  4832 | Abyss:1  | XOM: scenery: create altars
  4837 | Abyss:1  | Noticed a cacodemon
  4838 | Abyss:1  | Gained mutation: Armour fits poorly on your strangely shaped body. [a cacodemon]
  4842 | Abyss:1  | HP: 1/68 [cacodemon (8)]
  4844 | Abyss:1  | Blown up by a cacodemon

Skill      XL: |  1  2  3  4  5  6  7  8 |
---------------+-------------------------+-----
Fighting       | 4 5 |  5.5
Axes           | 4 5 |  5.0
Polearms       | 1 2 3 4 6 |  6.5
Dodging        | 2 3 |  3.9
Armour         | 3 4 5 |  5.7
Stealth        | 1 |  1.2
Summonings     | 1 |  1.0
Spellcasting   | |  0.9
Evocations     | |  0.6

Action                   |  1- 3 |  4- 6 |  7- 9 || total
-------------------------+-------+-------+-------++-------
Melee: Spear             |    86 |   116 |    82 ||   284
       Headbutt          |    12 |    14 |     5 ||    31
       Hand axe          |     2 |       |       ||     2
 Cast: Summon Small Mamm |       |       |    14 ||    14
Evoke: Wand              |       |     4 |     1 ||     5
  Use: Scroll            |     7 |     1 |     1 ||     9
       Potion            |     6 |     2 |     2 ||    10
 Stab: Confused          |       |       |     1 ||     1
       Distracted        |       |       |     1 ||     1
  Eat: Ration            |     1 |       |     1 ||     2
       Chunk             |       |     4 |     3 ||     7
Armor: Leather armour    |    24 |    16 |    10 ||    50
       Ring mail         |       |    32 |     4 ||    36
       Plate armour      |       |       |     5 ||     5
Dodge: Dodged            |    33 |    74 |    66 ||   173
